 Dungeon Crawl Stone Soup version 0.24.0-123-gd5b16e6ec5 (webtiles) character file.

Game seed: 1792337050099765798, levelgen mode: deterministic

86 Destapler the Chopper (level 4, 0/39 HPs)
             Began as a Minotaur Fighter on Dec 29, 2019.
             Slain by Sigmund
             ... wielding a +0 scythe
              (5 damage)
             ... on level 2 of the Dungeon.
             The game lasted 00:03:55 (1374 turns).

Destapler the Chopper (Minotaur Fighter)            Turns: 1374, Time: 00:03:56

Health: 0/39       AC:  9    Str: 21    XL:     4   Next: 26%
Magic:  3/3        EV:  3    Int:  5    God:
Gold:   66         SH: 10    Dex: 10    Spells: 3/3 levels left

rFire    . . .     SeeInvis .   a - +0 war axe
rCold    . . .     Gourm    .   c - +1 shield
rNeg     . . .     Faith    .   l - -2 plate armour (curse)
rPois    .         Spirit   .   (helmet restricted)
rElec    .         Reflect  .   (no cloak)
rCorr    .         Harm     .   (no gloves)
MR       .....                  (no boots)
Stlth    ..........             (no amulet)
HPRegen  0.13/turn              (no ring)
MPRegen  0.08/turn              (no ring)

@: no status effects
A: retaliatory headbutt, horns 2
a: no special abilities


You were on level 2 of the Dungeon.
You were not hungry.

You visited 1 branch of the dungeon, and saw 2 of its levels.

You collected 66 gold pieces.

Inventory:

Hand Weapons
 a - a +0 war axe (weapon)
Missiles
 i - 56 stones (quivered)
 k - 11 poisoned darts
Armour
 b - a +0 scale mail
 c - a +1 shield (worn)
 l - a cursed -2 plate armour (worn)
Jewellery
 h - an uncursed amulet of faith
Wands
 m - a wand of polymorph (1)
Potions
 d - 2 potions of might
 e - a potion of lignification {unknown}
 g - a potion of brilliance {unknown}
 n - a potion of flight {unknown}
Comestibles
 f - 7 rations
 j - 7 chunks of flesh


   Skills:
 - Level 3.6 Fighting
 + Level 5.5 Axes
 - Level 3.6 Armour
 - Level 3.6 Shields


You had 3 spell levels left.
You didn't know any spells.
Your spell library was empty.

Dungeon Overview and Level Annotations

Branches:
Dungeon (2/15)

Altars:

Annotations:
D:2 Sigmund


Innate Abilities, Weirdness & Mutations

You reflexively headbutt those who attack you in melee.
You have a pair of horns on your head.


Message History

The puff of flame hits you.
You miss something. Something hits you.
You miss something. You block something's attack.
You closely miss something.
You hear some strange, mumbled words.
Something tries to affect you, but you resist.
You miss something. Your headbutt misses something.
You hear some strange, mumbled words.
Something tries to affect you, but you resist.
Something hits you.
You closely miss something.
Your shield prevents you from hitting something.
You headbutt something. Something hits you!
* * * LOW HITPOINT WARNING * * *
You miss something. Your headbutt misses something.
You hear some strange, mumbled words.
A magic dart appears from out of thin air!
The magic dart hits you but does no damage.
Something hits you.
You die...

.# #..................##..,**
#####.###....###.##.........,**
......###....###.##.........,,**
####........................,,,*
# #.###########..÷.........,,,*
####<# #.............>,,,*
.....# #.##.##........,,**
###### #.#.÷##.....#..,**** #
#..@{.......$..,,,,, ##
****#.†)###........,,,,, .#
***#.....#.# #....{.(.,,,,, .#
*,,..##.##.# ##.##....,,,,, [##
*,****#.*..# *..,,...,,,,, ..#
*,* *.....# *##.**##***** #.#
*,* *#.....# *.#* #.#####.#
*......# *,.** #.......#
*.#)...# **,,***


There were no monsters in sight!

Vanquished Creatures
  Terence (D:2)
  2 worms (D:2)
  2 dart slugs
  A leopard gecko (D:1)
  10 bats
  2 giant cockroaches
  4 goblins
  5 hobgoblins
  4 jackals (D:1)
  4 kobolds (D:1)
  4 frilled lizards
  11 rats
50 creatures vanquished.

Notes
Turn   | Place    | Note
-------+----------+-------------------------------------------
     0 | D:1      | Destapler the Minotaur Fighter began the quest for the Orb.
     0 | D:1      | Reached XP level 1. HP: 19/19 MP: 0/0
    72 | D:1      | Reached skill level 3 in Axes
    97 | D:1      | Reached XP level 2. HP: 26/26 MP: 1/1
   266 | D:1      | Reached skill level 4 in Axes
   737 | D:1      | Reached XP level 3. HP: 28/31 MP: 2/2
  1014 | D:2      | Noticed Terence
  1228 | D:2      | Killed Terence
  1228 | D:2      | Reached skill level 5 in Axes
  1228 | D:2      | Reached XP level 4. HP: 29/39 MP: 3/3
  1334 | D:2      | Noticed Sigmund
  1374 | D:2      | Slain by Sigmund

Levels and vault maps discovered:
D:1:      dpeg_arrival_ratfight, layout_loops_corners
D:2:      layout_rooms, nicolae_overflow_hidden_temple, first_ration,
          uniq_terence, uniq_sigmund

Skill      XL: |  1  2  3 |
---------------+----------+-----
Axes           | 3 4 5 |  5.5
Fighting       | |  3.6
Armour         | |  3.6
Shields        | |  3.6

Action                   |  1- 3 |  4- 6 || total
-------------------------+-------+-------++-------
Melee: War axe           |   106 |    37 ||   143
       Headbutt          |    16 |     5 ||    21
       Unarmed           |     8 |       ||     8
  Use: Scroll            |     1 |     2 ||     3
  Eat: Chunk             |     1 |     1 ||     2
Armor: Scale mail        |    38 |       ||    38
       Plate armour      |     8 |    26 ||    34
Dodge: Dodged            |    30 |     4 ||    34
Block: Shield            |    59 |    13 ||    72
